 Dungeon Crawl Stone Soup version 0.30.0-16-gbe6223bb7e (webtiles) character file.

Game seed: 16426835121143979361

228034 Daunt the End of an Era (level 20, -4/189 HPs)
             Began as a Meteoran Summoner on May 20, 2023.
             Was the Champion of Qazlal.
             Slain by a white very ugly thing (32 damage)
             ... on level 2 of the Abyss.
             The game lasted 03:07:02 (14251 turns).

Daunt the End of an Era (Meteoran Summoner)        Turns: 14251, Time: 03:07:03

Health: -4/189     AC: 22    Str:  9    XL:     20   Next: 46%
Magic:  34/34      EV: 29    Int: 19    God:    Qazlal [******]
Gold:   994        SH: 13    Dex: 23    Spells: 18/27 levels left

rFire   + . .        b - +8 arbalest of the Mauling Oracle {drain, Fragile rF+ Will+}
rCold   . . .        (shield currently unavailable)
rNeg    . . .        O - +0 troll leather armour
rPois   .            j - +2 helmet {SInv}
rElec   .            W - +0 cloak
rCorr   .            C - +1 pair of gloves {hurl}
SInv    +            l - +0 pair of boots
Will    +++..        V - amulet of reflection
Stlth   +            U - +5 ring of evasion
HPRegen 1.31/turn    o - ring of the Tortoise {AC+8}
MPRegen 0.24/turn

%: repel missiles, reflection
@: about to teleport, glowing
A: sense surroundings 3, otherworldly, glowing, explore regen
}: 2/15 runes: serpentine, barnacled
a: Renounce Religion, Upheaval, Elemental Force, Disaster Area


You were on level 2 of the Abyss.
You worshipped Qazlal.
Qazlal was exalted by your worship.
You visited 4 branches of the dungeon, and saw 28 of its levels.
You visited the Abyss 1 time.
You also visited: Ice Cave.

You collected 2057 gold pieces.
You spent 1063 gold pieces at shops.

Inventory:

Hand Weapons
 a - a +4 longbow of flaming
 b - the +8 arbalest of the Mauling Oracle (weapon) {drain, Fragile rF+ Will+}
   (You bought it in a shop on level 3 of the Snake Pit)

   rF:        It protects you from fire.
   Fragile:   It will be destroyed if unequipped.
   Will:      It increases your willpower.
 J - a +2 antimagic shortbow
Missiles
 r - 2 curare-tipped darts
 t - 5 throwing nets
Armour
 j - a +2 helmet of see invisible (worn)
 l - a +0 pair of boots (worn)
 C - a +1 pair of gloves of hurling (worn)
 N - the +0 ring mail "Joklu" {rCorr SInv}
   (You found it in an ice cave)

   SInv:      It lets you see invisible.
   rCorr:     It protects you from acid and corrosion.
 O - a +0 troll leather armour (worn)
 W - a +0 cloak (worn)
Magical Staves
 i - a staff of earth
Jewellery
 k - a ring of fire
 o - the ring of the Tortoise (right hand) {AC+8}
   (You found it on level 2 of the Lair of Beasts)

   [ring of protection]

   AC:        It affects your AC (+8).
 K - a ring of see invisible
 Q - a ring of resist corrosion
 U - a +5 ring of evasion (left hand)
 V - an amulet of reflection (around neck)
Wands
 e - a wand of roots (38)
 f - a wand of polymorph (14)
 y - a wand of flame (38)
 z - a wand of mindburst (14)
 D - a wand of digging (4)
 H - a wand of charming (11)
 I - a wand of light (2)
Scrolls
 c - 3 scrolls of summoning
 m - 4 scrolls of magic mapping
 p - 4 scrolls of immolation
 q - 2 scrolls of teleportation
 w - 5 scrolls of fog
 x - 5 scrolls of poison
 A - 3 scrolls of fear
 L - a scroll of acquirement {unknown}
 M - a scroll of vulnerability
 P - 5 scrolls of blinking
 R - 2 scrolls of silence
 S - a scroll of enchant weapon
 Z - 2 scrolls of enchant armour {unknown}
Potions
 g - 5 potions of flight
 h - a potion of brilliance
 n - 2 potions of magic
 s - 4 potions of ambrosia
 u - 4 potions of heal wounds
 v - 3 potions of mutation
 F - 9 potions of curing
 G - 4 potions of lignification
 X - 3 potions of haste
Miscellaneous
 d - a condenser vane
 B - a phial of floods
 E - a lightning rod (4/4)
 T - a box of beasts


   Skills:
 * Level 18.9 Fighting
 - Level 18.0 Ranged Weapons
 - Level 10.0 Armour
 + Level 15.8 Dodging
 - Level 1.4 Stealth
 - Level 4.0 Spellcasting
 - Level 6.0 Hexes
 - Level 4.8 Summonings
 - Level 6.0 Translocations
 * Level 19.8 Invocations
 - Level 9.0 Evocations


You had 18 spell levels left.
You knew the following spells:

 Your Spells              Type           Power      Damage    Failure   Level
a - Summon Small Mammal   Summ           88%        N/A       2%          1
c - Call Canine Familiar  Summ           22%        N/A       7%          3
i - Call Imp              Summ           44%        N/A       3%          2
o - Portal Projectile     Hex/Tloc       52%        N/A       4%          3

Your spell library contained the following spells:

 Spells                   Type           Power      Damage    Failure   Level
 Lesser Beckoning         Tloc           52%        N/A       2%          2
 Gell's Gravitas          Tloc           26%        N/A       4%          3
 Teleport Other           Tloc           26%        N/A       4%          3
 Summon Guardian Golem    Hex/Summ       24%        N/A       6%          3
 Ensorcelled Hibernation  Hex/Ice        30%        N/A       8%          2
 Inner Flame              Hex/Fire       15%        N/A       16%         3
 Foxfire                  Conj/Fire      12%        2x1d4     17%         1
 Magic Dart               Conj           12%        1d3       17%         1
 Shock                    Conj/Air       12%        1d3       17%         1
 Poisonous Vapours        Pois/Air       6%         N/A       26%         2
 Scorch                   Fire           6%         2d5       26%         2
 Ignite Poison            Fire/Tmut/Pois 3%         N/A       45%         3
 Mephitic Cloud           Conj/Pois/Air  3%         N/A       45%         3
 Ozocubu's Armour         Ice            3%         N/A       45%         3
 Spider Form              Tmut/Pois      3%         N/A       45%         3
 Stone Arrow              Conj/Erth      6%         3d7       45%         3
 Swiftness                Air            3%         N/A       45%         3
 Anguish                  Hex/Necr       7%         N/A       45%         4
 Leda's Liquefaction      Hex/Erth       7%         N/A       45%         4
 Animate Armour           Summ/Erth      24%        N/A       54%         4
 Summon Lightning Spire   Summ/Air       12%        N/A       54%         4
 Yara's Violent Unravell  Hex/Tmut       7%         3d5       80%         5
 Airstrike                Air            1%         2d(1-17)  86%         4
 Animate Dead             Necr           3%         N/A       86%         4
 Flame Wave               Conj/Fire      3%         2d5       86%         4
 Sticky Flame             Conj/Fire      3%         2d3       86%         4
 Summon Cactus Giant      Summ           11%        N/A       98%         6
 Borgnjor's Vile Clutch   Necr/Erth      1%         N/A       99%         5
 Fireball                 Conj/Fire      1%         3d3       99%         5
 Freezing Cloud           Conj/Ice/Air   1%         6-21      99%         5
 Lee's Rapid Deconstruct  Erth           1%         3d4*      99%         5
 Death Channel            Necr           1%         N/A       100%        6
 Plasma Beam              Fire/Air       1%         2x1d12    100%        6
 Starburst                Conj/Fire      1%         6d3       100%        6
 Statue Form              Tmut/Erth      2%         N/A       100%        6
 Enfeeble                 Hex            13%        N/A       100%        7
 Haunt                    Necr/Summ      6%         N/A       100%        7
 Ozocubu's Refrigeration  Ice            1%         4d7       100%        7
 Storm Form               Tmut/Air       1%         N/A       100%        7
 Ignition                 Fire           1%         3d3       100%        8
 Infestation              Necr           1%         N/A       100%        8
 Lehudib's Crystal Spear  Conj/Erth      1%         10d2      100%        8
 Maxwell's Capacitive Co  Air            1%         ∞         100%        8


Dungeon Overview and Level Annotations

Branches:
Dungeon (15/15) Zot: 1610  Temple (0/1) D:7            Lair (5/5) D:11 Zot: 1156
 Shoals (4/4) Lair:2 Zot: 197   Snake (4/4) Lair:2 Zot: 200   Slime (0/5) Lair:5
    Orc (0/2) D:9           IceCv (visited)
 Vaults: D:13-14     Depths: D:15

Altars:
Ashenzari
Gozag
Hepliaklqana
Qazlal
Jiyva

Shops:
D:2 *   D:5 [   D:7 =   D:10 *   Shoals:1 *   Snake:2 ?*(!   Snake:3 (

Portals:
Trove: D:10 (give +4 demon trident)

Annotations:
D:5 2 transporters, avangion's ghost, novice DECj
Lair:1 1 transporter
Lair:3 1 runed translucent door, Rupert


Innate Abilities, Weirdness & Mutations

You passively map a large area around you.
You are easily found by Zot.
You glow in the dark.
You regain HP and MP as you explore.


Message History

Unknown command.
Unknown command.
Okay, then.
Unknown command.
Unknown command.
Okay, then.
Unknown command.
Unknown command.
Press: ? - help, v - describe, . - travel A rock wall.
Unknown command.
Aiming: Dig
Press: ? - help, Shift-Dir - straight line, f - you, p - small abomination Please select a direction to dig.
The rock shatters into small pieces.
The white ugly thing basks in the mutagenic energy from its kin and changes!
The starcursed mass shrieks in your mind.
* * * LOW HITPOINT WARNING * * *
Unknown command.
Unknown command.
You feel much better.
The starcursed mass shrieks in your mind.
* * * LOW HITPOINT WARNING * * *
Unknown command.
Unknown command.
Unknown command.
Unknown command.
Something shouts, "Get thee gone, thou pottle-deep bat-fowling gonus!"
The starcursed mass shrieks in your mind.
* * * LOW HITPOINT WARNING * * *
The brown ugly thing basks in the mutagenic energy from its kin and changes!
The white ugly thing basks in the mutagenic energy from its kin and changes!
The white very ugly thing attacks as you move away!
The white very ugly thing barely misses you.
You hear a roar!
The white very ugly thing attacks as you move away!
The white very ugly thing stings you!
* * * LOW HITPOINT WARNING * * *
The white very ugly thing freezes you!!
You die...

## ## . .# #.##.#
#.. ..#.# . .##
## ##..###....#
.#..##)@##..#.#.#
..#.#..u§......#
#...§°..§....##
......○.xX.u....#
.....#.....#.#.##
#.#..##.#.#.## #
.... ..).###.#
.##.##.## ## #
#.#


You could see a starcursed mass, a white very ugly thing, a purple ugly thing
and a small abomination.

Vanquished Creatures
  Polyphemus (Shoals:3)
  A sphinx (Shoals:4)
  2 tentacled starspawn (Abyss:2)
  Kirke (Shoals:3)
  3 krakens
  Roxanne (Shoals:1)
  7 nagarajas
  2 very ugly things (IceCv)
  2 minotaurs
  Nessos (D:12)
  4 merfolk impalers
  2 merfolk javelineers
  5 salamander tyrants (Snake:4)
  A caustic shrike simulacrum (IceCv)
  5 hydras
  2 catoblepae
  A death knight (Abyss:2)
  7 anacondas
  An alligator snapping turtle (Shoals:3)
  A boulder beetle (D:12)
  4 merfolk avatars
  4 centaur warriors
  3 merfolk aquamancers
  15 satyrs (Shoals:4)
  4 two-headed ogres
  3 tengu warriors
  21 naga warriors
  10 naga sharpshooters
  2 thrashing horrors (Abyss:2)
  9 death yaks
  7 shock serpents
  Urug (D:13)
  2 wretched stars (Abyss:2)
  A salamander mystic (Snake:2)
  3 skysharks
  4 skeletal warriors
  A death drake (Abyss:2)
  8 sea snakes
  An orange crystal statue (IceCv)
  7 naga ritualists
  6 lindwurms
  A glowing orange brain (Abyss:2)
  A necromancer (D:13)
  21 harpies
  A deep elf pyromancer (D:13)
  7 cyclopes
  6 mana vipers
  22 fauns
  2 ugly things
  3 elephants (Lair:4)
  A worldbinder (Abyss:2)
  14 manticores
  13 salamanders
  3 guardian serpents
  A molten gargoyle (Lair:1)
  17 merfolk sirens
  39 black mambas
  3 water nymphs
  10 cane toads
  2 torpor snails
  10 naga magi
  2 smoke demons (Abyss:2)
  2 gargoyles
  2 kobold demonologists (D:11)
  2 rime drakes (Lair:5)
  6 komodo dragons
  4 freezing wraiths
  An efreet (D:12)
  A golden dragon simulacrum (IceCv)
  3 anaconda simulacra
  2 ancient zymes (Abyss:2)
  A tengu conjurer (D:14)
  3 trolls
  4 wind drakes
  39 merfolk
  6 meliai (D:13)
  2 polar bears (Lair:3)
  5 large abominations
  A tarantella (shapeshifter) (D:14)
  A hornet (D:10)
  8 dream sheep
  8 raiju (Abyss:2)
  11 snapping turtles
  A blink frog (Lair:5)
  2 dire elephant simulacra (Snake:2)
  3 wyverns
  Eustachio (D:4)
  3 wraiths
  10 water elementals
  4 vampires
  4 basilisks
  31 yaks
  6 hogs
  A human (Lair:3)
  A neqoxec (Abyss:2)
  7 vampire mosquitoes
  A chaos spawn (Abyss:2)
  2 minotaur simulacra (Snake:2)
  3 small abominations (Abyss:2)
  50 nagas
  Menkaure (D:6)
  2 harpy simulacra (IceCv)
  3 acid dragons
  Duvessa (D:7)
  7 water moccasins
  4 orc warriors
  An ice beast (D:7)
  4 black bears
  A sky beast (D:6)
  17 wolves
  3 ogres
  4 centaurs
  9 bullfrogs
  4 kobold brigands
  7 scorpions
  3 deep troll simulacra (Snake:2)
  A gnoll sergeant (D:9)
  11 wights
  Dowan (D:7)
  2 lindwurm simulacra (IceCv)
  13 killer bees
  5 howler monkeys
  5 jellies
  A crimson imp (Abyss:2)
  A quasit (Abyss:2)
  A hound (D:4)
  4 orc priests
  6 starcursed masses (Abyss:2)
  3 iguanas
  7 orc wizards
  11 gnolls
  5 adders
  2 shadow imps
  4 white imps
  An ufetubus (D:6)
  2 worms
  2 dart slugs (D:3)
  35 orcs
  5 ball pythons
  4 bats
  6 endoplasms
  3 goblins
  2 hobgoblins
  4 jackals (D:3)
  4 quokkas
  A frilled lizard (D:2)
  16 kobolds
  A rat (D:3)
  A lurking horror (Abyss:2)
  A starspawn tentacle (Abyss:2)
  8 tentacles
837 creatures vanquished.

Vanquished Creatures (collateral kills)
  Agnes (D:14)
  A sphinx (Shoals:4)
  A merfolk impaler (Shoals:3)
  A salamander tyrant (Snake:2)
  A two-headed ogre (D:10)
  2 satyrs (Shoals:4)
  A faun (Shoals:4)
  A naga mage (Snake:1)
  An elephant (Lair:4)
  A merfolk (Shoals:4)
  A polar bear (Lair:4)
  A wind drake (Shoals:4)
  A snapping turtle (Shoals:4)
  A naga (Snake:2)
  A killer bee (D:9)
  Robin (D:2)
  4 gnolls
  7 adders (D:2)
  2 orcs (D:3)
  3 bats
  4 endoplasms
  2 giant cockroaches
  4 hobgoblins
  2 jackals (D:1)
  A quokka (D:2)
  7 ball pythons
  A frilled lizard (D:2)
  9 goblins
  A kobold (D:2)
  A rat (D:3)
65 creatures vanquished.

Vanquished Creatures (others)
  A wizard (Abyss:2)
  A salamander (Snake:2)
  A wyvern (D:11)
  3 starspawn tentacles (Abyss:2)
  23 tentacles
29 creatures vanquished.

Grand Total: 931 creatures vanquished

Notes
Turn   | Place    | Note
-------+----------+-------------------------------------------
     0 | D:1      | Daunt the Meteoran Summoner began the quest for the Orb.
     0 | D:1      | Reached XP level 1. HP: 14/14 MP: 5/5
   122 | D:2      | Reached skill level 1 in Fighting
   220 | D:1      | Reached XP level 2. HP: 23/23 MP: 3/6
   238 | D:1      | Learned a level 2 spell: Call Imp
   346 | D:1      | Reached XP level 3. HP: 17/30 MP: 4/8
   639 | D:2      | Reached XP level 4. HP: 31/38 MP: 5/9
   708 | D:2      | Found a faded altar of an unknown god.
   790 | D:2      | Reached XP level 5. HP: 36/47 MP: 5/10
   836 | D:2      | Reached skill level 5 in Fighting
   994 | D:2      | Reached XP level 6. HP: 32/56 MP: 8/11
  1026 | D:2      | Found Hookk's General Store.
  1044 | D:2      | Noticed Robin
  1088 | D:2      | Killed Robin
  1576 | D:3      | Reached skill level 1 in Ranged Weapons
  1778 | D:3      | Reached XP level 7. HP: 38/63 MP: 12/12
  2187 | D:5      | Entered Level 5 of the Dungeon
  2285 | D:5      | Reached skill level 5 in Ranged Weapons
  2416 | D:5      | Found a transporter.
  2416 | D:5      | Noticed avangion's ghost (novice DECj)
  2428 | D:5      | Found a transporter.
  2443 | D:5      | Found Vefrorphe's Armour Emporium.
  2532 | D:6      | Reached XP level 8. HP: 29/70 MP: 13/13
  2651 | D:4      | Identified the +5 chain mail of the Glamorous Raven {rF+}
  2774 | D:4      | Noticed Eustachio
  2820 | D:5      | Gained mutation: You passively map the area around you.
                  | [Meteoran growth]
  2820 | D:5      | Reached XP level 9. HP: 49/75 MP: 14/14
  2971 | D:4      | Found a stormy altar of Qazlal.
  2986 | D:4      | Became a worshipper of Qazlal Stormbringer
  3074 | D:4      | Killed Eustachio
  3182 | D:6      | Reached skill level 10 in Ranged Weapons
  3183 | D:6      | Found an opulent altar of Gozag.
  3234 | D:6      | Noticed Menkaure
  3236 | D:6      | Killed Menkaure
  3315 | D:6      | Found a broken altar of Ashenzari.
  3459 | D:7      | Found Botes's Jewellery Emporium.
  3459 | D:7      | Noticed Duvessa
  3465 | D:7      | Noticed Dowan
  3472 | D:7      | Killed Duvessa
  3481 | D:7      | Reached skill level 1 in Evocations
  3486 | D:7      | Killed Dowan
  3487 | D:7      | Reached skill level 1 in Armour
  3529 | D:7      | Reached XP level 10. HP: 68/83 MP: 15/15
  3560 | D:7      | Found a staircase to the Ecumenical Temple.
  3573 | D:7      | Reached * piety under Qazlal
  3652 | D:8      | Learned a level 3 spell: Call Canine Familiar
  4114 | D:8      | Found a viscous altar of Jiyva.
  4277 | D:9      | Reached ** piety under Qazlal
  4401 | D:10     | Entered Level 10 of the Dungeon
  4478 | D:9      | Noticed a two-headed ogre
  4486 | D:9      | Killed a two-headed ogre
  4487 | D:9      | Reached skill level 5 in Evocations
  4578 | D:9      | Reached skill level 5 in Dodging
  4723 | D:9      | Reached XP level 11. HP: 70/91 MP: 16/16
  4723 | D:9      | Found a staircase to the Orcish Mines.
  4862 | D:10     | Found a portal to a secret trove of treasure.
  4904 | D:10     | Identified the +1 scale mail of Hangman {rC+}
  4966 | D:10     | Found Hyut's Assorted Antiques.
  5013 | D:10     | Bought a viscous purple potion for 22 gold pieces
  5013 | D:10     | Bought a scroll of identify for 50 gold pieces
  5013 | D:10     | Bought a scroll labelled NIHAUL NUSEM for 25 gold pieces
  5013 | D:10     | Bought 2 bubbling sapphire potions for 45 gold pieces
  5069 | D:10     | Reached *** piety under Qazlal
  5079 | D:10     | Noticed a two-headed ogre
  5266 | D:11     | Noticed a cyan ugly thing
  5293 | D:11     | Killed a cyan ugly thing
  5474 | D:10     | Killed a two-headed ogre
  5578 | D:11     | Reached XP level 12. HP: 85/103 MP: 17/17
  5788 | D:11     | Noticed a two-headed ogre
  5793 | D:11     | Killed a two-headed ogre
  5923 | D:13     | Noticed a deep elf pyromancer
  5923 | D:13     | Noticed a centaur warrior
  5940 | D:12     | Noticed a boulder beetle
  5968 | D:12     | Killed a boulder beetle
  5969 | D:12     | Reached skill level 1 in Invocations
  5989 | D:12     | Noticed Nessos
  5995 | D:12     | Killed Nessos
  5996 | D:12     | Reached skill level 2 in Invocations
  6129 | D:12     | Noticed a two-headed ogre
  6134 | D:12     | Killed a two-headed ogre
  6135 | D:12     | Reached skill level 15 in Ranged Weapons
  6135 | D:12     | Reached skill level 3 in Invocations
  6216 | D:12     | Noticed a skeletal warrior
  6218 | D:12     | Noticed a skeletal warrior
  6228 | D:11     | Reached **** piety under Qazlal
  6239 | D:11     | Killed a skeletal warrior
  6240 | D:11     | Reached skill level 4 in Invocations
  6317 | D:13     | Noticed a tengu warrior
  6321 | D:13     | Noticed a necromancer
  6322 | D:13     | Noticed a two-headed ogre
  6323 | D:13     | Noticed a centaur warrior
  6331 | D:12     | Killed a tengu warrior
  6370 | D:12     | Noticed a skeletal warrior
  6384 | D:12     | Killed a skeletal warrior
  6385 | D:12     | Reached skill level 10 in Fighting
  6419 | D:13     | Killed a centaur warrior
  6420 | D:13     | Reached XP level 13. HP: 113/113 MP: 18/18
  6430 | D:13     | Noticed Urug
  6444 | D:13     | Killed Urug
  6445 | D:13     | Reached skill level 5 in Invocations
  6475 | D:13     | Killed a two-headed ogre
  6540 | D:15     | Entered Level 15 of the Dungeon
  6571 | D:14     | Noticed a tengu warrior
  6578 | D:14     | Killed a tengu warrior
  6624 | D:13     | Reached skill level 6 in Invocations
  6671 | D:13     | Found a hazy altar of Hepliaklqana.
  6786 | D:14     | Reached skill level 10 in Dodging
  6880 | D:14     | Noticed Agnes
  6901 | D:14     | Killed Agnes
  6998 | D:14     | Noticed a centaur warrior
  6999 | D:14     | Killed a centaur warrior
  7128 | D:14     | Reached skill level 7 in Invocations
  7199 | D:13     | Killed a centaur warrior
  7234 | D:13     | Noticed a tengu warrior
  7240 | D:13     | Killed a tengu warrior
  7396 | D:11     | Found a staircase to the Lair.
  7404 | Lair:1   | Entered Level 1 of the Lair of Beasts
  7515 | Lair:1   | Reached skill level 8 in Invocations
  7520 | Lair:1   | Reached XP level 14. HP: 110/124 MP: 21/21
  7521 | Lair:1   | Reached ***** piety under Qazlal
  7568 | Lair:1   | Found a transporter.
  7754 | Lair:2   | Found the ring of the Tortoise {AC+8}
  7868 | Lair:3   | Reached skill level 9 in Invocations
  8010 | Lair:5   | Entered Level 5 of the Lair of Beasts
  8010 | Lair:5   | Found a viscous altar of Jiyva.
  8010 | Lair:5   | Found a staircase to the Slime Pits.
  8087 | Lair:5   | Reached skill level 10 in Invocations
  8327 | Lair:5   | Reached XP level 15. HP: 134/134 MP: 24/24
  8347 | Lair:5   | Reached skill level 11 in Invocations
  8368 | Lair:5   | Identified the +2 battleaxe of False Accusations {flame,
                  | rC+ Int+4 Stlth-}
  8873 | Lair:3   | Found a runed translucent door.
  8881 | Lair:3   | Noticed Rupert
  9100 | Lair:2   | Reached skill level 12 in Invocations
  9104 | Lair:2   | Learned a level 3 spell: Portal Projectile
  9114 | Lair:2   | Found a staircase to the Shoals.
  9123 | Shoals:1 | Entered Level 1 of the Shoals
  9153 | Shoals:1 | Reached skill level 1 in Hexes
  9153 | Shoals:1 | Reached skill level 1 in Translocations
  9158 | Shoals:1 | Reached ****** piety under Qazlal
  9194 | Shoals:1 | Reached skill level 5 in Armour
  9211 | Shoals:1 | Identified the +6 quarterstaff "Ysiukk" {heavy, rElec}
  9221 | Shoals:1 | Identified the staff of fire "Ypenauni" {rPois rF+ rN+
                  | Will+}
  9304 | Shoals:1 | Reached XP level 16. HP: 145/145 MP: 26/26
  9332 | Shoals:1 | Found Tola's Overcharged Wands.
  9335 | Shoals:1 | Noticed Roxanne
  9361 | Shoals:1 | Noticed a kraken
  9411 | Shoals:1 | Killed a kraken
  9472 | Shoals:1 | Killed Roxanne
  9528 | Shoals:2 | Noticed a kraken
  9548 | Shoals:2 | Killed a kraken
  9549 | Shoals:2 | Reached skill level 13 in Invocations
  9601 | Shoals:3 | Noticed Kirke
  9630 | Shoals:2 | Noticed a kraken
  9661 | Shoals:2 | Killed a kraken
  9982 | Shoals:3 | Killed Kirke
 10146 | Shoals:3 | Reached skill level 14 in Invocations
 10174 | Shoals:3 | Reached XP level 17. HP: 85/154 MP: 28/28
 10192 | Shoals:3 | Reached skill level 5 in Translocations
 10226 | Shoals:4 | Entered Level 4 of the Shoals
 10248 | Shoals:3 | Reached skill level 5 in Hexes
 10262 | Shoals:3 | Reached skill level 15 in Fighting
 10555 | Shoals:3 | Noticed Polyphemus
 10582 | Shoals:3 | Killed Polyphemus
 10631 | Shoals:4 | Reached skill level 15 in Invocations
 10811 | Shoals:4 | Noticed a sphinx
 10822 | Shoals:4 | Killed a sphinx
 10825 | Shoals:4 | Gained mutation: You passively map a large area around you.
                  | [Meteoran growth]
 10825 | Shoals:4 | Reached XP level 18. HP: 106/166 MP: 26/30
 10945 | Shoals:4 | Noticed a sphinx
 10952 | Shoals:4 | Killed a sphinx
 10953 | Shoals:4 | Reached skill level 16 in Invocations
 10972 | Shoals:4 | Got a barnacled rune of Zot
 11439 | Lair:2   | Found a staircase to the Snake Pit.
 11524 | Snake:1  | Entered Level 1 of the Snake Pit
 11945 | Snake:2  | Reached skill level 17 in Invocations
 12021 | Snake:2  | Found a frozen archway.
 12040 | IceCv    | Entered an ice cave
 12058 | IceCv    | Reached XP level 19. HP: 106/177 MP: 32/32
 12070 | IceCv    | Found a transporter.
 12080 | IceCv    | Found a transporter.
 12112 | IceCv    | Identified the +0 ring mail "Joklu" {rCorr SInv}
 12330 | Snake:3  | Found Isaymoac's Antique Weapon Shop.
 12340 | Snake:3  | Bought a scorched arbalest for 323 gold pieces
 12340 | Snake:3  | Identified the +8 arbalest of the Mauling Oracle {drain,
                  | Fragile rF+ Will+} (You bought it in a shop on level 3 of
                  | the Snake Pit)
 12342 | Snake:3  | Upgraded the game from 0.30.0-15-g856e2d3f33 to
                  | 0.30.0-16-gbe6223bb7e
 12434 | Snake:3  | Reached skill level 10 in Armour
 12522 | Snake:4  | Entered Level 4 of the Snake Pit
 12745 | Snake:4  | Reached skill level 18 in Invocations
 12775 | Snake:4  | Reached skill level 15 in Dodging
 13192 | Snake:4  | Got a serpentine rune of Zot
 13310 | Snake:3  | Reached skill level 19 in Invocations
 13310 | Snake:3  | Reached XP level 20. HP: 183/189 MP: 34/34
 13533 | Snake:2  | Found Saeteczawk's General Store.
 13537 | Snake:2  | Found Cebust's Distillery.
 13537 | Snake:2  | Found Wate Berph's Magic Scroll Boutique.
 13542 | Snake:2  | Bought a potion of ambrosia for 160 gold pieces
 13542 | Snake:2  | Found Goidime's Weapon Shop.
 13545 | Snake:2  | Bought a potion of degeneration for 18 gold pieces
 13545 | Snake:2  | Bought a potion of curing for 54 gold pieces
 13552 | Snake:2  | Bought a scroll of identify for 24 gold pieces
 13552 | Snake:2  | Bought a scroll of fear for 48 gold pieces
 13552 | Snake:2  | Bought a scroll of blinking for 90 gold pieces
 13552 | Snake:2  | Bought a scroll of enchant weapon for 90 gold pieces
 13552 | Snake:2  | Bought a scroll of summoning for 114 gold pieces
 14038 | Lair:1   | Found a transporter.
 14049 | Abyss:2  | Cast into level 2 of the Abyss (spriggan rider)
 14052 | Abyss:2  | Found a corrupted altar of Lugonu.
 14077 | Abyss:2  | Found a corrupted altar of Lugonu.
 14082 | Abyss:2  | Found a corrupted altar of Lugonu.
 14082 | Abyss:2  | Found a corrupted altar of Lugonu.
 14227 | Abyss:2  | Paralysed by accursed screaming for 2 turns
 14251 | Abyss:2  | Slain by a white very ugly thing

Illustrated notes

Levels and vault maps discovered:
D:1:      psy_arrival_statuary, layout_basic
D:2:      layout_basic, serial_shops, shop, basic_ecumenical_altar, uniq_robin
D:3:      layout_basic, kennysheep_boxes
D:4:      layout_basic, nicolae_qazlal_general_emergency, uniq_eustachio
D:5:      layout_basic, serial_shops, nicolae_shop_rolling_square,
          gammafunk_ghost_stat_death
D:6:      layout_loops_ring, mainiacjoe_overflow_surrounded_room,
          nicolae_gozag_cash_rules_everything_around_me,
          minmay_stone_trees_large, uniq_menkaure
D:7:      layout_rooms, minmay_temple_entry_statues_pillars, serial_shops,
          nicolae_shop_gaudy_bauble, uniq_duvessa
D:8:      layout_basic, grunt_temple_overflow_champion_of_chaos, jiyva_altar_1
D:9:      layout_grid_maze, david_orc_2
D:10:     layout_loops_ring, serial_shops, nicolae_shop_advertising_works
          [nicolae_subvault_shop_adworks], nicolae_trove_entry_crossroad
D:11:     layout_irregular_city, grunt_lair_entry_orc_guard_hut
D:12:     layout_small_grid, serial_glass, glass_columns_b, glass_columns_c,
          glass_columns_b, glass_columns_b, glass_columns_a, glass_columns_c,
          glass_columns_a, glass_columns_a, glass_columns_a, glass_columns_a,
          glass_columns_c, glass_columns_a, glass_columns_a, glass_columns_a,
          uniq_nessos
D:13:     layout_small_grid, david_vaults_1, minmay_curled_crystal,
          nicolae_hepliaklqana_hippocampus, uniq_urug
D:14:     layout_stronghold, chequers_garden, uniq_agnes
D:15:     gammafunk_depths_entry_grave, layout_irregular_city,
          minmay_beelzebubs_servants
Lair:1:   layout_cave_pods, gammafunk_ghost_abyssal_escape,
          amcnicky_mini_pool_medium
Lair:2:   layout_long_grid, nicolae_shoals_entry_roost,
          guppyfry_snake_entry_island, basic_altar, minmay_lindwurm_lava,
          grunt_megastairs_3, infiniplex_staircase_pool
Lair:3:   layout_cave_pods, pdpol_lair_cabin_in_the_woods
Lair:4:   layout_cave_pods, roderic_batcave
Lair:5:   hangedman_lair_in_review, layout_big_grid, slime_entry_1,
          nicolae_lair_run_with_the_wolves
Shoals:1: layout_shoals, nicolae_shop_overcharged_wands, uniq_roxanne
Shoals:2: layout_shoals
Shoals:3: layout_shoals, uniq_kirke, uniq_polyphemus
Shoals:4: shoals_end_hellmonk_lost_city, serial_shops
Snake:1:  layout_gridlike, nicolae_triple_integral
Snake:2:  layout_grid_shapes, portal_ice_cave_entry_ice_simulacra,
          minmay_shoptagon
Snake:3:  layout_layer_cave, serial_shops, nicolae_shop_overgrown_old_shop,
          ebering_ghost_disaster_area, serial_bayou_pond_d, grunt_megastairs_1
Snake:4:  minmay_snake_end_coiled, layout_cave_town
Abyss:2:  base: D:10, base: Orc:1, abyss_furniture_001, evilmike_abyss_exit_2

Skill      XL: |  1  2  3  4  5  6  7  8  9 10 11 12 13 14 15 16 17 18 19 |
---------------+----------------------------------------------------------+-----
Fighting       | 1 2 3 4 5 6 7 8 10 11 12 13 14 15 17 18 | 18.9
Ranged Weapons | 2 5 8 11 12 14 15 16 17 18 | 18.0
Evocations     | 2 5 6 7 8 9 |  9.0
Armour         | 1 4 5 6 8 9 10 | 10.0
Dodging        | 5 7 9 10 11 12 13 14 15 | 15.8
Invocations    | 4 8 10 12 14 15 17 19 | 19.8
Spellcasting   | 3 4 |  4.0
Hexes          | 2 4 6 |  6.0
Translocations | 2 4 6 |  6.0
Stealth        | |  1.4
Summonings     | |  4.8

Action                     |  1- 3 |  4- 6 |  7- 9 | 10-12 | 13-15 | 16-18 | 19-21 || total
---------------------------+-------+-------+-------+-------+-------+-------+-------++-------
  Melee: Unarmed           |     3 |       |       |       |       |       |       ||     3
         Short sword       |    24 |    82 |       |       |       |       |       ||   106
         Punch             |       |     1 |       |       |       |       |       ||     1
   Fire: Shortbow          |       |    39 |   270 |   505 |       |       |       ||   814
         Sling             |       |    31 |       |       |       |       |       ||    31
         Longbow           |       |       |       |    87 |   750 |  1121 |    45 ||  2003
         Arbalest          |       |       |       |       |       |       |   528 ||   528
   Cast: Summon Small Mamm |    24 |    29 |       |       |       |       |       ||    53
         Call Imp          |     3 |    10 |       |     3 |       |       |       ||    16
         Call Canine Famil |       |       |       |     7 |       |       |     1 ||     8
         Portal Projectile |       |       |       |       |       |     6 |     1 ||     7
 Invoke: Elemental Force   |       |       |       |       |       |     5 |     1 ||     6
         Upheaval          |       |       |       |       |       |     2 |     1 ||     3
  Evoke: Wand              |       |       |     8 |     5 |     6 |     5 |     5 ||    29
         Box of beasts     |       |       |       |       |     1 |     1 |       ||     2
         Lightning rod     |       |       |       |       |       |     2 |       ||     2
    Use: Scroll            |       |       |     5 |    12 |     5 |     3 |     3 ||    28
         Potion            |       |       |     1 |     1 |     3 |     2 |     1 ||     8
   Stab: Distracted        |     1 |     3 |       |       |       |       |       ||     4
 Armour: Robe              |     9 |    43 |    24 |       |       |       |       ||    76
         Leather armour    |       |       |    18 |    43 |       |       |       ||    61
         Troll leather arm |       |       |       |    36 |    84 |   144 |    69 ||   333
  Dodge: Dodged            |    28 |    97 |    94 |   220 |   273 |   531 |   270 ||  1513
         Repelled          |       |       |       |       |     4 |     9 |    20 ||    33
  Block: Other             |       |       |       |    77 |   192 |   418 |   197 ||   884
         Reflection        |       |       |       |     2 |    21 |    69 |    21 ||   113
